 Dungeon Crawl Stone Soup version 0.17.1-2-g5865329 (webtiles) character file.

106 Garlic the Sneak (level 5, 0/32 HPs)
             Began as a Kobold Assassin on Feb 1, 2016.
             Was an Initiate of Dithmenos.
             Slain by a scorpion (6 damage)
             ... on level 4 of the Dungeon.
             The game lasted 00:19:52 (3230 turns).

Garlic the Sneak (Kobold Assassin)                  Turns: 3230, Time: 00:19:52

Health: 0/32       AC:  3    Str:  9    XL:     5   Next: 10%
Magic:  5/5        EV: 16    Int:  9    God:    Dithmenos [......]
Gold:   98         SH:  0    Dex: 19    Spells: 0 memorised, 4 levels left

rFire  + . .     SeeInvis .     a - +2 dagger
rCold  + . .     Clarity  .     c - +0 robe
rNeg   . . .     SustAt   .     (shield restricted)
rPois  +         Gourm    .     (no helmet)
rElec  +         Spirit   .     d - +0 cloak
rCorr  +         Warding  .     (no gloves)
rMut   .         Stasis   .     (no boots)
MR     .....                    (no amulet)
Stlth  ++++......               (no ring)
                                (no ring)

@: lethally poisoned (0 -> -10), resistant, not resistant to hostile
enchantments, stealthy
A: carnivore 3
a: Renounce Religion


You were on level 4 of the Dungeon.
You worshipped Dithmenos.
Dithmenos was noncommittal.
You were very full.

You visited 1 branch of the dungeon, and saw 4 of its levels.

You collected 98 gold pieces.

Inventory:

Hand Weapons
 a - a +2 dagger (weapon)
 b - a +0 blowgun
Missiles
 e - 27 poisoned needles
 f - 2 curare-tipped needles
Armour
 c - a +0 robe (worn)
 d - a +0 cloak (worn)
 o - a +2 pair of gloves
Jewellery
 h - an uncursed ring of magical power {unknown}
Wands
 r - a wand of cold (4)
Potions
 j - a potion of experience {unknown}
 l - 2 potions of poison {unknown}
 p - 2 potions of heal wounds {unknown}
 q - 2 potions of degeneration {unknown}
 s - 2 potions of resistance
 t - a potion of berserk rage {unknown}
 u - a potion of cancellation {unknown}
 v - a potion of curing {unknown}
Comestibles
 g - a meat ration


   Skills:
 + Level 2.9 Fighting
 + Level 3.1 Short Blades
 + Level 2.1 Throwing
 + Level 2.6 Dodging
 + Level 7.2 Stealth


You had 4 spell levels left.
You didn't know any spells.

Dungeon Overview and Level Annotations

Branches:
Dungeon (4/15)
 Temple: D:4-7

Altars:
Dithmenos
Gozag
Qazlal
Ru
Trog
Yredelemnul
The Shining One


Innate Abilities, Weirdness & Mutations

You are small and have problems with some larger weapons.
You are carnivorous and can eat meat at any time.


Message History

The scorpion is heavily wounded.
* * * LOW HITPOINT WARNING * * *
You feel sick. The scorpion misses you.
You hit the scorpion.
The scorpion is severely wounded.
* * * LOW HITPOINT WARNING * * *
You feel sick.
You hit the scorpion.
The scorpion is severely wounded.
* * * LOW HITPOINT WARNING * * *
You feel sick. The scorpion completely misses you.
You hit the scorpion but do no damage.
The scorpion is severely wounded.
The scorpion completely misses you.
Drink which item? (? for menu, Esc to quit)
It was a potion of resistance.
You feel protected.
* * * LOW HITPOINT WARNING * * *
You feel sick. The scorpion stings you.
You die...

#..................
#..................
#..................
#...............[.#
#................#
##............#####
#..<.......#..###
................s##
................@.#
#..####.......###...#
#.. #........# ###..#
#.. ........## .# ..
.....##..# # ##
.#######.#


You could see a scorpion.

Vanquished Creatures
  4 adders
  An ooze (D:3)
  A worm (D:2)
  3 giant geckos
  An orc (D:3)
  8 bats
  3 giant cockroaches
  6 goblins
  3 hobgoblins
  4 jackals
  A quokka (D:3)
  4 giant newts
  10 kobolds
  5 rats
54 creatures vanquished.

Notes
Turn   | Place    | Note
--------------------------------------------------------------
     0 | D:1      | Garlic the Kobold Assassin began the quest for the Orb.
     0 | D:1      | Reached XP level 1. HP: 12/12 MP: 1/1
   276 | D:1      | Reached XP level 2. HP: 17/17 MP: 2/2
   432 | D:1      | Reached skill level 6 in Stealth
   835 | D:2      | Reached XP level 3. HP: 22/22 MP: 3/3
   945 | D:2      | Found a glowing golden altar of the Shining One.
  1228 | D:2      | Found a sacrificial altar of Ru.
  1400 | D:2      | Found a shadowy altar of Dithmenos.
  1465 | D:2      | Became a worshipper of Dithmenos the Shadowed
  1686 | D:2      | Found a basalt altar of Yredelemnul.
  1728 | D:2      | Found a bloodstained altar of Trog.
  1984 | D:3      | Reached XP level 4. HP: 27/27 MP: 4/4
  1998 | D:3      | Found an opulent altar of Gozag.
  2208 | D:3      | Reached skill level 7 in Stealth
  2454 | D:3      | Found a stormy altar of Qazlal.
  2726 | D:3      | Reached XP level 5. HP: 18/32 MP: 5/5
  3230 | D:4      | Slain by a scorpion

Action                   |  1- 3 |  4- 6 || total
-------------------------+-------+-------++-------
Melee: Dagger            |    67 |   113 ||   180
 Fire: Blowgun           |     3 |       ||     3
  Use: Scroll            |       |     4 ||     4
       Potion            |       |     1 ||     1
 Stab: Sleeping          |    13 |     4 ||    17
       Distracted        |     1 |       ||     1
  Eat: Chunk             |     8 |     7 ||    15
